 Dungeon Crawl Stone Soup version 0.28-a0-925-gd5e1996cdb (webtiles) character file.

Game seed: 10257671297417402703

478 vineage the Fighter (level 7, -1/50 HPs)
             Began as a Gargoyle Fighter on Nov 26, 2021.
             Slain by a gnoll (3 damage)
             ... on level 6 of the Dungeon.
             The game lasted 00:04:19 (3070 turns).

vineage the Fighter (Gargoyle Fighter)              Turns: 3070, Time: 00:04:20

Health: -1/50      AC: 11    Str: 20    XL:     7   Next: 11%
Magic:  7/7        EV:  9    Int:  8    God:
Gold:   114        SH:  4    Dex: 11    Spells: 6/6 levels left

rFire   + . .      SeeInvis .   a - +1 flail
rCold   + . .      Faith    .   c - +0 buckler
rNeg    + . .      Spirit   .   b - +0 scale mail
rPois   ∞          Reflect  .   (no helmet)
rElec   +          Harm     .   (no cloak)
rCorr   +          Rampage  .   (no gloves)
Will    .....      Clarity  +   (no boots)
Stlth   ..........              (no amulet)
HPRegen 0.16/turn               (no ring)
MPRegen 0.10/turn               (no ring)

@: resistant, attractive, flying
A: sickness immunity, AC +4, negative energy resistance 1, electricity
resistance, torment resistance 1, petrification resistance, clarity,
deterioration 1
a: no special abilities


You were on level 6 of the Dungeon.
You visited 1 branch of the dungeon, and saw 5 of its levels.

You collected 114 gold pieces.

Inventory:

Hand Weapons
 a - a +1 flail (weapon)
Armour
 b - a +0 scale mail (worn)
 c - a +0 buckler (worn)
Jewellery
 j - an amulet of reflection
Potions
 h - a potion of curing
 n - a potion of magic


   Skills:
 * Level 8.6 Fighting
 - Level 2.0 Maces & Flails
 - Level 3.2 Armour
 - Level 3.2 Shields


You had 6 spell levels left.
You didn't know any spells.
Your spell library was empty.

Dungeon Overview and Level Annotations

Branches:
Dungeon (4/15)
 Temple: D:4-7

Altars:
Vehumet

Shops:
D:3 :=

Annotations:
D:6 Edmund


Innate Abilities, Weirdness & Mutations

You are immune to sickness and miasma.
Your stone body is resilient. (AC +4)
You are immune to poison.
You resist negative energy. (rN+)
You are resistant to electric shocks. (rElec)
You are resistant to unholy torment.
You are immune to petrification.
You possess an exceptional clarity of mind.
Your body sometimes deteriorates upon taking damage.


Message History

The gnoll barely misses you. The gnoll misses you.
Edmund says, "People accused me of being a cutpurse!"
Edmund hits you with a +4 flail of protection.
The gnoll hits you with a +0 spear. The gnoll closely misses you.
Edmund hits you with a +4 flail of protection!
* * * LOW HITPOINT WARNING * * *
It was a potion of mutation.
You feel extremely strange.
You feel yourself wasting away.
Your thoughts seem clearer.
The gnoll hits you with a +0 spear.
* * * LOW HITPOINT WARNING * * *
The gnoll closely misses you.
Edmund hits you with a +4 flail of protection.
* * * LOW HITPOINT WARNING * * *
It was a potion of flight.
You feel very buoyant.
You fly up into the air.
The gnoll hits you but does no damage. The gnoll barely misses you.
Edmund mutters, "Who needs spells, anyway?"
Edmund hits you with a +4 flail of protection.
* * * LOW HITPOINT WARNING * * *
You hit Edmund.
Edmund is moderately wounded.
The gnoll hits you but does no damage. x2; You block Edmund's attack.
You feel better. The gnoll barely misses you.
The gnoll hits you but does no damage. You block Edmund's attack.
You barely miss Edmund.
Edmund is moderately wounded.
The gnoll hits you with a +0 spear.
* * * LOW HITPOINT WARNING * * *
The gnoll closely misses you. Edmund hits you but does no damage.
You thump Edmund!
Edmund is heavily wounded.
The gnoll hits you with a +0 spear.
* * * LOW HITPOINT WARNING * * *
You block the gnoll's attack.
Edmund hits you with a +4 flail of protection!
* * * LOW HITPOINT WARNING * * *
The gnoll hits you but does no damage.
The gnoll hits you from afar with a +0 spear.
You die...

#.# #.# # #.# .#
###.########..##
#..(............
#.####...[......
#.# ###.#####.
#.######.#####
#.##.......@@#
#.##.###.###g# #.#
#.# #g# #.# # #.#
.g. ####.##.###..
....
#/........#..#...##
#.##.##.#.#..##.##
# #.# .# #. #.# #
#.# .# #


You could see Edmund and 3 gnolls.

Vanquished Creatures
  Grinder (D:3)
  An ogre (D:4)
  An orc priest (D:4)
  Terence (D:3)
  A river rat (D:3)
  5 adders
  3 dart slugs
  2 worms
  2 orcs (D:4)
  7 ball pythons
  9 bats
  5 endoplasms
  7 giant cockroaches
  13 goblins
  3 hobgoblins
  3 jackals (D:1)
  4 quokkas
  4 kobolds
  9 rats
81 creatures vanquished.

Notes
Turn   | Place    | Note
-------+----------+-------------------------------------------
     0 | D:1      | vineage the Gargoyle Fighter began the quest for the Orb.
     0 | D:1      | Reached XP level 1. HP: 14/14 MP: 1/1
   160 | D:1      | Reached XP level 2. HP: 11/20 MP: 2/2
   163 | D:1      | Reached skill level 4 in Fighting
   481 | D:1      | Reached XP level 3. HP: 20/24 MP: 3/3
   669 | D:1      | Found a faded altar of an unknown god.
   711 | D:1      | You fall into a shaft and drop 1 floor!
   750 | D:1      | Reached skill level 5 in Fighting
  1151 | D:2      | Found a radiant altar of Vehumet.
  1156 | D:2      | Reached XP level 4. HP: 26/31 MP: 4/4
  1690 | D:3      | Found Fupt's Jewellery Emporium.
  1707 | D:3      | Noticed Grinder
  1732 | D:3      | Killed Grinder
  1733 | D:3      | Reached skill level 7 in Fighting
  1733 | D:3      | Reached XP level 5. HP: 25/38 MP: 5/5
  1733 | D:3      | Reached XP level 6. HP: 29/44 MP: 6/6
  1874 | D:3      | Found Daduoklaar's Book Emporium.
  2106 | D:3      | Noticed Terence
  2114 | D:3      | Killed Terence
  2698 | D:4      | Reached skill level 8 in Fighting
  2711 | D:4      | Reached XP level 7. HP: 24/50 MP: 7/7
  3019 | D:4      | You fall into a shaft and drop 2 floors!
  3019 | D:6      | Noticed Edmund
  3065 | D:6      | Gained mutation: Your body sometimes deteriorates upon
                  | taking damage. [potion of mutation]
  3065 | D:6      | Gained mutation: You possess an exceptional clarity of
                  | mind. [potion of mutation]
  3070 | D:6      | HP: 2/50 [Edmund (9)]
  3070 | D:6      | Slain by a gnoll

Illustrated notes

Levels and vault maps discovered:
D:1:      minmay_arrival_cross, layout_rooms, basic_ecumenical_altar
D:2:      layout_rooms, basic_altar
D:3:      layout_basic, gup_sewer_entry_spiral, serial_shops, shop, shop,
          uniq_grinder, uniq_terence
D:4:      layout_gridville, nicolae_hepliaklqana_monster_ancestors,
          ebering_ghost_rock_garden, minmay_ogre_servants
D:6:      layout_loops_ring, ebering_ghost_reflecting_pool,
          hangedman_decor_peaks_small, uniq_prince_ribbit1, uniq_edmund

Skill      XL: |  1  2  3  4  5  6 |
---------------+-------------------+-----
Fighting       | 4 5 7 8 |  8.6
Maces & Flails | |  2.0
Armour         | |  3.2
Shields        | |  3.2

Action                   |  1- 3 |  4- 6 |  7- 9 || total
-------------------------+-------+-------+-------++-------
Melee: Flail             |   143 |   146 |    27 ||   316
  Use: Scroll            |       |    11 |       ||    11
       Potion            |       |     2 |     5 ||     7
Armor: Scale mail        |   159 |    85 |    24 ||   268
Dodge: Dodged            |   133 |    77 |    19 ||   229
Block: Buckler           |    52 |    34 |     9 ||    95

Table legend: (Time is in decaauts)
 A = Elapsed time spent in this place.
 B = Non-inter-level travel time spent in this place.
 C = Inter-level travel time spent in this place.
 D = Time resting spent in this place.
 E = Time spent auto-exploring this place.
 F = Levels seen in this place.
 G = Mean time per level.
                   A        B        C        D        E       F      G
               +--------+--------+--------+--------+--------+-----+--------+
         Total |   3215 |   3045 |    170 |      0 |   2341 |   5 |  643.0 |
       Dungeon |   3215 |   3045 |    170 |      0 |   2341 |   5 |  643.0 |
               +--------+--------+--------+--------+--------+-----+--------+

Top non-repeatable levels by time:
     D:3: 1076 daAuts
     D:1: 944 daAuts
     D:2: 700 daAuts
     D:4: 441 daAuts
     D:6: 53 daAuts
